SL
CHICAGO GOLD SOX @ WIZARDING EXPRESS
05/18/2031
 
TOP OF THE 1ST
Chicago Gold Sox batting - Pitching for Wizarding Express : RHP Juan Contreras
Pitching: RHP Juan Contreras
Batting: LHB Noel Ballard 0-0: Ball
1-0: Ball
2-0: Swinging Strike
2-1: Foul Ball, location: 2F
2-2: SINGLE (Groundball, 56S) (infield hit)
Batting: RHB Norman Winston 0-0: Ball
1-0: Fly out, F8 (Flyball, 8RM)
Now in CF: Ken Watanabe
Batting: SHB Lupo Cotto 0-0: Ball
1-0: Swinging Strike
1-1: Ball
2-1: Ball
3-1: Foul Ball, location: 2F
3-2: Foul Ball, location: 2F
3-2: Foul Ball, location: 2F
3-2: Grounds into double play, 4-6-3 (Groundball, 4)
Top of the 1st over - 0 runs, 1 hit, 0 errors, 0 left on base; Chicago 0 - Wizarding 0
BOTTOM OF THE 1ST
Wizarding Express batting - Pitching for Chicago Gold Sox : LHP Keisuke Nishida
Pitching: LHP Keisuke Nishida
Batting: RHB Frank Grimes 0-0: Ball
1-0: Called Strike
1-1: Ball
2-1: Ball
3-1: Foul Ball, location: 2F
3-2: Fly out, F8 (Line Drive, 8LD)
Batting: RHB Gonzalo Ángel 0-0: SINGLE (Flyball, 7S)
Batting: LHB José Corona 0-0: Called Strike
0-1: Called Strike
0-2: Foul Ball, location: 2F
0-2: Ball
1-2: Ground out 6-3 (Groundball, 6S)
Gonzalo Ángel to second
Batting: LHB Nathan Tanner 0-0: Called Strike
0-1: Foul Ball, location: 2F
0-2: Fly out, F8 (Flyball, 8RS)
Bottom of the 1st over - 0 runs, 1 hit, 0 errors, 1 left on base; Chicago 0 - Wizarding 0
TOP OF THE 2ND
Chicago Gold Sox batting - Pitching for Wizarding Express : RHP Juan Contreras
Batting: RHB Jorge Baker 0-0: Ball
1-0: Ball
2-0: SINGLE (Groundball, 56S) (infield hit)
Batting: RHB Manuel Guillama 0-0: Ball
1-0: Ball
2-0: 2-RUN HOME RUN (Flyball, 9LD), Distance : 349 ft
Batting: RHB Zeus Preckwinkle 0-0: Ball
1-0: Ball
2-0: Called Strike
2-1: Swinging Strike
2-2: Ground out 1-3 (Groundball, 13S)
Batting: LHB Clay Rush 0-0: Ball
1-0: Ground out 4-3 (Groundball, 34)
Batting: RHB Hirohisa Ogasawara 0-0: Called Strike
0-1: Swinging Strike
0-2: Foul Ball, location: 2F
0-2: Ball
1-2: Fly out, F7 (Flyball, 7LS)
Top of the 2nd over - 2 runs, 2 hits, 0 errors, 0 left on base; Chicago 2 - Wizarding 0
BOTTOM OF THE 2ND
Wizarding Express batting - Pitching for Chicago Gold Sox : LHP Keisuke Nishida
Batting: SHB Salvador Trevino 0-0: Called Strike
0-1: Ball
1-1: Called Strike
1-2: Ball
2-2: Fly out, F9 (Flyball, 9D)
Batting: RHB Roy Herring 0-0: Ball
1-0: Ball
2-0: Called Strike
2-1: Fly out, F7 (Flyball, 78S)
Batting: LHB António Boccanegra 0-0: Called Strike
0-1: Ground out 4-3 (Groundball, 4D)
Bottom of the 2nd over - 0 runs, 0 hits, 0 errors, 0 left on base; Chicago 2 - Wizarding 0
TOP OF THE 3RD
Chicago Gold Sox batting - Pitching for Wizarding Express : RHP Juan Contreras
Batting: RHB Daniel Bertrand 0-0: Foul Ball, location: 2F
0-1: Called Strike
0-2: Ball
1-2: Foul Ball, location: 2F
1-2: Foul Ball, location: 2F
1-2: Ball
2-2: Ball
3-2: Strikes out looking
Batting: LHB Noel Ballard 0-0: Called Strike
0-1: Ball
1-1: Foul Ball, location: 2F
1-2: Foul Ball, location: 2F
1-2: Ball
2-2: Foul Ball, location: 2F
2-2: Foul Ball, location: 2F
2-2: Ball
3-2: Foul Ball, location: 2F
3-2: Foul Ball, location: 2F
3-2: Base on Balls
Batting: RHB Norman Winston Pickoff Throw to First - Error! E1
Noel Ballard to second
0-0: Ball
1-0: Ball
2-0: Called Strike
2-1: Ball
3-1: Ground out U3 (Groundball, 34)
Noel Ballard to third
Batting: SHB Lupo Cotto 0-0: Ball
1-0: Foul Ball, location: 2F
1-1: SINGLE (Line Drive, 4D)
Noel Ballard scores
Batting: RHB Jorge Baker 0-0: Ball
1-0: Ball
2-0: Ball
3-0: Swinging Strike
3-1: DOUBLE (Flyball, 89D)
Lupo Cotto to third
Batting: RHB Manuel Guillama 0-0: Ground out 6-3 (Groundball, 56)
Top of the 3rd over - 1 run, 2 hits, 1 error, 2 left on base; Chicago 3 - Wizarding 0
BOTTOM OF THE 3RD
Wizarding Express batting - Pitching for Chicago Gold Sox : LHP Keisuke Nishida
Batting: LHB Ken Watanabe 0-0: Ball
1-0: SINGLE (Line Drive, 56D)
Batting: LHB David Breitling 0-0: Ball
1-0: Ball
2-0: Foul Ball, location: 2F
2-1: Fly out, F7 (Flyball, 7D)
Batting: RHB Frank Grimes 0-0: Ball
1-0: SINGLE (Groundball, 6MD)
Ken Watanabe to second
Batting: RHB Gonzalo Ángel 0-0: Foul Ball, location: 2F
0-1: Ball
1-1: Fly out, F8 (Flyball, 8LXD)
Runner from 2nd tags up, SAFE at 3rd, no throw
Batting: LHB José Corona 0-0: Called Strike
0-1: Called Strike
0-2: Fly out, F4 (Popup, 34)
Bottom of the 3rd over - 0 runs, 2 hits, 0 errors, 2 left on base; Chicago 3 - Wizarding 0
TOP OF THE 4TH
Chicago Gold Sox batting - Pitching for Wizarding Express : RHP Juan Contreras
Batting: RHB Zeus Preckwinkle 0-0: Swinging Strike
0-1: Foul Ball, location: 2F
0-2: Ball
1-2: Ball
2-2: SINGLE (Flyball, 78S)
Batting: LHB Clay Rush 0-0: 2-RUN HOME RUN (Line Drive, 89XD), Distance : 375 ft
Batting: RHB Hirohisa Ogasawara 0-0: SINGLE (Line Drive, 9S)
Batting: RHB Daniel Bertrand 0-0: Ball
1-0: Ball
2-0: Foul Ball, location: 2F
2-1: SINGLE (Line Drive, 6M)
Hirohisa Ogasawara to second
Batting: LHB Noel Ballard 0-0: Swinging Strike
0-1: Foul Ball, location: 2F
0-2: Ball
1-2: Foul Ball, location: 2F
1-2: SINGLE (Groundball, 56D)
Hirohisa Ogasawara to third
Daniel Bertrand to second
Batting: RHB Norman Winston 0-0: Called Strike
0-1: SINGLE (Flyball, 89S)
Hirohisa Ogasawara scores
Daniel Bertrand to third
Noel Ballard to second
Batting: SHB Lupo Cotto 0-0: Ball
1-0: SINGLE (Groundball, 34D)
Daniel Bertrand scores
Noel Ballard to third
Norman Winston to second
Runner from 3rd tries for Home, SAFE, no throw
Batting: RHB Jorge Baker 0-0: Called Strike
Norman Winston steals 3rd base
0-1: Ball
1-1: SINGLE (Flyball, 8RS)
Norman Winston scores
Lupo Cotto to second
Batting: RHB Manuel Guillama 0-0: Foul Ball, location: 2F
0-1: Ball
1-1: 3-RUN HOME RUN (Flyball, 7LD), Distance : 338 ft
Batting: RHB Zeus Preckwinkle 0-0: Called Strike
0-1: SINGLE (Line Drive, 8LS)
Batting: LHB Clay Rush 0-0: Ball
1-0: Ball
2-0: Ball
3-0: Base on Balls
Zeus Preckwinkle to second
Pitching: RHP Biff Tannen
Batting: RHB Hirohisa Ogasawara 0-0: Called Strike
0-1: Called Strike
Zeus Preckwinkle steals 3rd base
0-2: SINGLE (Groundball, 56D)
Zeus Preckwinkle scores
Clay Rush to second
Batting: RHB Daniel Bertrand 0-0: Ball
1-0: Ball
2-0: Foul Ball, location: 2F
2-1: Grounds into double play, 6-4-3 (Groundball, 6)
Clay Rush to third
Batting: LHB Noel Ballard 0-0: Ball
1-0: Called Strike
1-1: SINGLE (Groundball, 56D)
Clay Rush scores
Batting: RHB Norman Winston 0-0: Ball
1-0: Ball
2-0: Foul Ball, location: 2F
2-1: Ground out 1-3 (Groundball, 13)
Top of the 4th over - 11 runs, 12 hits, 0 errors, 1 left on base; Chicago 14 - Wizarding 0
BOTTOM OF THE 4TH
Wizarding Express batting - Pitching for Chicago Gold Sox : LHP Keisuke Nishida
Batting: LHB Nathan Tanner 0-0: Ball
1-0: Ball
2-0: Foul Ball, location: 2F
2-1: Foul Ball, location: 2F
2-2: Ball
3-2: Foul Ball, location: 2F
3-2: Foul Ball, location: 2F
3-2: DOUBLE (Line Drive, 8RXD)
Batting: SHB Salvador Trevino 0-0: Ball
1-0: Called Strike
1-1: SINGLE (Groundball, 6MD)
Nathan Tanner to third
Runner from 3rd tries for Home, SAFE, no throw
Batting: RHB Roy Herring 0-0: Called Strike
0-1: Ball
1-1: Ball
2-1: Ball
3-1: Base on Balls
Salvador Trevino to second
Batting: LHB António Boccanegra 0-0: Foul Ball, location: 2F
0-1: 3-RUN HOME RUN (Flyball, 9D), Distance : 354 ft
Batting: LHB Ken Watanabe 0-0: Called Strike
0-1: Ball
1-1: Ground out 1-3 (Groundball, 13S)
Batting: LHB David Breitling 0-0: Called Strike
0-1: Foul Ball, location: 2F
0-2: Foul Ball, location: 2F
0-2: Ball
1-2: Ball
2-2: Strikes out swinging
Batting: RHB Frank Grimes 0-0: Called Strike
0-1: Ball
1-1: Ball
2-1: Swinging Strike
2-2: Strikes out swinging
Bottom of the 4th over - 4 runs, 3 hits, 0 errors, 0 left on base; Chicago 14 - Wizarding 4
TOP OF THE 5TH
Chicago Gold Sox batting - Pitching for Wizarding Express : RHP Biff Tannen
Batting: SHB Lupo Cotto 0-0: SINGLE (Flyball, 89M)
Batting: RHB Jorge Baker 0-0: Ball
1-0: Ball
2-0: Foul Ball, location: 2F
2-1: SINGLE (Groundball, 56D)
Lupo Cotto to second
Batting: RHB Manuel Guillama 0-0: Ball
1-0: SINGLE (Groundball, 56D)
Lupo Cotto to third
Jorge Baker to second
Runner from 3rd tries for Home, SAFE, no throw
Batting: RHB Zeus Preckwinkle 0-0: Swinging Strike
0-1: Ball
1-1: Ball
Balk!
Jorge Baker to third
Manuel Guillama to second
2-1: Swinging Strike
2-2: Ball
3-2: Foul Ball, location: 2F
3-2: SINGLE (Line Drive, 4M)
Jorge Baker scores
Manuel Guillama to third
Batting: LHB Clay Rush 0-0: Ground out 3-1 (Groundball, 3D)
Manuel Guillama scores
Zeus Preckwinkle to second
Batting: RHB Hirohisa Ogasawara 0-0: Foul Ball, location: 2F
0-1: Ball
1-1: Swinging Strike
1-2: Fly out, F7 (Flyball, 7LS)
Batting: RHB Daniel Bertrand 0-0: Ball
1-0: Fly out, F8 (Flyball, 8RM)
Top of the 5th over - 3 runs, 4 hits, 0 errors, 1 left on base; Chicago 17 - Wizarding 4
BOTTOM OF THE 5TH
Wizarding Express batting - Pitching for Chicago Gold Sox : LHP Keisuke Nishida
Batting: RHB Gonzalo Ángel 0-0: SINGLE (Line Drive, 8LS)
Batting: LHB José Corona 0-0: Ball
1-0: Called Strike
1-1: Fly out, F6 (Line Drive, 6M)
Batting: LHB Nathan Tanner 0-0: Called Strike
0-1: Ball
1-1: Ball
2-1: Fielders Choice at 2nd, 1-6 (Groundball, 13)
Batting: SHB Salvador Trevino 0-0: Ball
1-0: Ball
2-0: Foul Ball, location: 2F
2-1: Ball
3-1: Fielders Choice at 2nd, 6-4 (Groundball, 56)
Bottom of the 5th over - 0 runs, 1 hit, 0 errors, 1 left on base; Chicago 17 - Wizarding 4
TOP OF THE 6TH
Chicago Gold Sox batting - Pitching for Wizarding Express : RHP Biff Tannen
Batting: LHB Noel Ballard 0-0: Ball
1-0: Ball
2-0: Ground out U3 (Groundball, 34S)
Batting: RHB Norman Winston 0-0: Ball
1-0: Foul Ball, location: 2F
1-1: Swinging Strike
1-2: Ball
2-2: Ball
3-2: Base on Balls
Batting: SHB Lupo Cotto 0-0: Ball
1-0: Fielders Choice at 2nd, 4-6 (Groundball, 4)
Batting: RHB Jorge Baker 0-0: Fly out, F7 (Flyball, 7LMF)
Top of the 6th over - 0 runs, 0 hits, 0 errors, 1 left on base; Chicago 17 - Wizarding 4
BOTTOM OF THE 6TH
Wizarding Express batting - Pitching for Chicago Gold Sox : LHP Keisuke Nishida
Batting: RHB Roy Herring 0-0: Foul Ball, location: 2F
0-1: Ball
1-1: Foul Ball, location: 2F
1-2: Ball
2-2: Ground out 6-3 (Groundball, 6)
Batting: LHB António Boccanegra 0-0: Ball
1-0: Called Strike
1-1: Ball
2-1: Ball
3-1: Ground out 1-3 (Groundball, 15S)
Batting: LHB Ken Watanabe 0-0: Ball
1-0: SOLO HOME RUN (Flyball, 89XD), Distance : 369 ft
Batting: LHB David Breitling 0-0: Swinging Strike
0-1: Swinging Strike
0-2: Strikes out looking
Bottom of the 6th over - 1 run, 1 hit, 0 errors, 0 left on base; Chicago 17 - Wizarding 5
TOP OF THE 7TH
Chicago Gold Sox batting - Pitching for Wizarding Express : RHP Biff Tannen
Batting: RHB Manuel Guillama 0-0: Foul Ball, location: 2F
0-1: Called Strike
0-2: Ball
1-2: Ball
2-2: Strikes out looking
Batting: RHB Zeus Preckwinkle 0-0: Swinging Strike
0-1: Foul Ball, location: 2F
0-2: Ground out 4-3 (Groundball, 34)
Batting: LHB Clay Rush 0-0: Ball
1-0: SINGLE (Line Drive, 34D)
Batting: RHB Hirohisa Ogasawara 0-0: Foul Ball, location: 2F
0-1: Swinging Strike
0-2: Strikes out swinging
Top of the 7th over - 0 runs, 1 hit, 0 errors, 1 left on base; Chicago 17 - Wizarding 5
BOTTOM OF THE 7TH
Wizarding Express batting - Pitching for Chicago Gold Sox : LHP Keisuke Nishida
Batting: RHB Frank Grimes 0-0: Foul Ball, location: 2F
0-1: Ball
1-1: Ball
2-1: Fly out, F6 (Popup, 6MS)
Batting: RHB Gonzalo Ángel 0-0: Ball
1-0: Ball
2-0: Swinging Strike
2-1: Foul Ball, location: 2F
2-2: Ball
3-2: Foul Ball, location: 2F
3-2: Base on Balls
Pitching: RHP Javier Dávila
Batting: LHB José Corona 0-0: Ball
1-0: Called Strike
1-1: Foul Ball, location: 2F
1-2: Foul Ball, location: 2F
1-2: Ball
2-2: Foul Ball, location: 2F
2-2: Strikes out looking
Batting: LHB Nathan Tanner 0-0: Called Strike
0-1: Foul Ball, location: 2F
0-2: Ball
1-2: Ball
2-2: Foul Ball, location: 2F
2-2: Ball
3-2: Foul Ball, location: 2F
3-2: Fly out, F5 (Popup, 25F)
Bottom of the 7th over - 0 runs, 0 hits, 0 errors, 1 left on base; Chicago 17 - Wizarding 5
TOP OF THE 8TH
Chicago Gold Sox batting - Pitching for Wizarding Express : RHP Biff Tannen
Batting: RHB Daniel Bertrand 0-0: Ball
1-0: Called Strike
1-1: Called Strike
1-2: Ball
2-2: Ball
3-2: Strikes out swinging
Batting: LHB Noel Ballard 0-0: Ground out 5-3 (Groundball, 56S)
Batting: RHB Norman Winston 0-0: Ball
1-0: Called Strike
1-1: Swinging Strike
1-2: Strikes out swinging
Top of the 8th over - 0 runs, 0 hits, 0 errors, 0 left on base; Chicago 17 - Wizarding 5
BOTTOM OF THE 8TH
Wizarding Express batting - Pitching for Chicago Gold Sox : RHP Javier Dávila
Batting: SHB Salvador Trevino 0-0: Swinging Strike
0-1: Ball
1-1: Foul Ball, location: 2F
1-2: Ball
2-2: Ball
3-2: Ground out 6-3 (Groundball, 6)
Batting: RHB Roy Herring 0-0: Ground out 6-3 (Groundball, 6)
Batting: LHB António Boccanegra 0-0: Foul Ball, location: 2F
0-1: Fly out, F7 (Flyball, 7S)
Bottom of the 8th over - 0 runs, 0 hits, 0 errors, 0 left on base; Chicago 17 - Wizarding 5
TOP OF THE 9TH
Chicago Gold Sox batting - Pitching for Wizarding Express : RHP Biff Tannen
Pitching: RHP Marv Bradford
Batting: SHB Lupo Cotto 0-0: Ball
1-0: Called Strike
1-1: Ball
2-1: Ball
3-1: Swinging Strike
3-2: Strikes out swinging
Batting: RHB Jorge Baker 0-0: Called Strike
0-1: Ball
1-1: Ball
2-1: Foul Ball, location: 2F
2-2: Strikes out looking
Batting: RHB Manuel Guillama 0-0: Foul Ball, location: 2F
0-1: Called Strike
0-2: Ball
1-2: Strikes out swinging
Top of the 9th over - 0 runs, 0 hits, 0 errors, 0 left on base; Chicago 17 - Wizarding 5
BOTTOM OF THE 9TH
Wizarding Express batting - Pitching for Chicago Gold Sox : RHP Javier Dávila
Batting: LHB Ken Watanabe 0-0: Ball
1-0: Foul Ball, location: 2F
1-1: Foul Ball, location: 2F
1-2: DOUBLE (Line Drive, 3D)
Batting: LHB David Breitling 0-0: Foul Ball, location: 2F
0-1: Ball
1-1: Foul Ball, location: 2F
1-2: Foul Ball, location: 2F
1-2: Ball
2-2: Strikes out swinging
Batting: RHB Frank Grimes 0-0: Swinging Strike
0-1: Reached on error, E3 (Groundball, 34S)
Ken Watanabe to third
Batting: RHB Gonzalo Ángel 0-0: Ball
1-0: Ball
2-0: Ground out U3 (Groundball, 34)
Ken Watanabe scores
Frank Grimes to second
Batting: LHB José Corona 0-0: Called Strike
0-1: Called Strike
0-2: Foul Ball, location: 2F
0-2: Strikes out swinging
Bottom of the 9th over - 1 run, 1 hit, 1 error, 1 left on base; Chicago 17 - Wizarding 6
Tuesday, June 12th, 2018 - OOTP Baseball 18.8 Build 76